Map: Automaton LE

Players

Piaculum

  • Race: Protoss Protoss
  • League: Diamond
  • Spawn Location: 9:00

monster - Winner!

  • Race: Terran Terran
  • League: Gold
  • Spawn Location: 3:00

VOD

Have the link to the VOD?

Description

https://lotv.spawningtool.com/build/96443/

Time

  • Played on: March 22, 2019, 3:58 p.m.
  • Length: 6:46
Show
View Real Time Build Order
Export as new Build Order

Piaculum Protoss 

Build Orders: 1 Gate Expand 

Get SALT Encoding   

  12  0:00  Probe  
  13  0:15  Pylon  
  13  0:18  Probe  
  14  0:30  Probe  
  15  0:36  Gateway  
  15  0:38  Probe  
  16  0:46  Probe  
  16  0:54  Pylon  
  16  0:56  Probe  
  18  1:08  Probe  
  19  1:20  Probe  
  20  1:29  Nexus  
  20  1:40  Assimilator, Zealot  
  22  2:17  Assimilator  
  22  2:27  Zealot  
  22  2:28  Gateway  
  24  2:33  Cybernetics Core  
  24  2:34  Gateway  
  24  2:38  Pylon  
  24  2:40  Assimilator  
  24  2:55  Probe x2  
  25  3:01  Warp Gate  
  25  3:03  Probe x2  
  28  3:14  Probe x2  
  28  3:15  Pylon  
  30  3:26  Probe  
  31  3:27  Stalker  
  33  3:37  Probe  
  33  3:38  Probe  
  33  3:40  Stalker  
  37  3:49  Probe  
  37  3:50  Probe  
  39  4:01  Probe, Forge  
  39  4:02  Probe  
  41  4:05  Stalker x2  
  45  4:13  Probe  
  45  4:15  Stalker  
  48  4:30  Probe x2, Gateway  
  50  4:34  Gateway  
  50  4:35  Assimilator  
  50  4:39  Assimilator  
  50  4:42  Probe  
  50  4:43  Probe  
  52  4:55  Probe x2  
  54  5:02  Stalker  
  54  5:03  Stalker x2  
  60  5:08  Probe x2  
  62  5:32  Pylon  
  62  5:33  Probe x2  
  62  5:34  Pylon  
  58  5:37  Stalker  
  58  5:38  Stalker x2  
  58  5:39  Stalker  
  58  5:41  Stalker  
  62  5:45  Probe x2  
Show
View Real Time Build Order
Export as new Build Order

monster Terran - Winner!

Build Orders:  

Get SALT Encoding   

  12  0:01  SCV  
  13  0:16  Supply Depot  
  13  0:19  SCV  
  14  0:31  SCV  
  15  0:39  Barracks  
  15  0:44  SCV  
  15  0:47  Refinery  
  16  0:56  SCV  
  17  1:05  Barracks  
  17  1:14  SCV  
  18  1:26  SCV  
  19  1:32  Barracks Reactor  
  19  1:36  Supply Depot  
  19  1:42  Refinery  
  19  1:43  Orbital Command  
  19  1:55  Barracks Tech Lab  
  19  2:09  SCV  
  20  2:16  Factory  
  20  2:21  Marine x2  
  22  2:26  SCV  
  22  2:29  Marine  
  24  2:36  Supply Depot  
  24  2:38  SCV  
  25  2:46  Marine  
  25  2:47  Marine  
  25  2:48  Marine  
  25  2:51  SCV  
  29  3:14  Starport, Barracks Reactor  
  29  3:18  Combat Shield  
  29  3:20  Marine  
  29  3:23  Hellion x2  
  29  3:26  SCV  
  35  3:38  Supply Depot  
  35  3:39  Marine  
  36  3:54  Hellion  
  38  4:00  Medivac, Hellion  
  42  4:04  Supply Depot  
  42  4:14  Marine  
  42  4:15  Hellion  
  45  4:20  Supply Depot  
  45  4:21  SCV  
  46  4:26  Hellion  
  46  4:30  Armory  
  48  4:32  Marine  
  49  4:56  Hellion x2  
  49  4:57  Medivac  
  49  5:50  Marine x2  
  49  5:51  Marine  
  49  5:53  Medivac, Hellion x2  
  57  6:08  Marine  
Tags
 
Add a new tag
Caveats
  • Supply blocks, unpowered buildings, or Contaminate may cause inaccurate times.
  • Supply counts are checked every 10 seconds.